Map: World of Sleepers LE

Players

Kelazhur - Winner!

  • Race: Terran Terran
  • League: Master
  • Spawn Location: 1:00

PtitDrogo

  • Race: Protoss Protoss
  • League: Grandmaster
  • Spawn Location: 7:00

Event: HomeStory Cup XX

VOD

Have the link to the VOD?

Description

Time

  • Played on: Nov. 22, 2019, 1:54 p.m.
  • Length: 16:01

All games in this series

Show
View Real Time Build Order
Export as new Build Order

Kelazhur Terran - Winner!

Build Orders: Gas First Reaper Expand 

Get SALT Encoding   

  12  0:00  SCV  
  13  0:12  SCV  
  14  0:17  Supply Depot  
  14  0:24  SCV  
  14  0:27  Refinery  
  15  0:38  SCV  
  16  0:44  Barracks  
  16  0:50  SCV  
  17  1:02  SCV  
  18  1:15  SCV  
  19  1:31  Orbital Command, Reaper  
  20  1:46  Command Center  
  20  1:52  Factory  
  20  1:57  SCV  
  21  2:05  Barracks Reactor  
  21  2:07  Supply Depot  
  21  2:10  SCV  
  22  2:16  Refinery  
  22  2:22  SCV  
  23  2:34  SCV  
  24  2:41  Starport  
  24  2:45  Hellion x2  
  24  2:46  SCV  
  29  2:58  SCV  
  29  2:59  Orbital Command  
  30  3:07  Widow Mine x2  
  30  3:08  Barracks Tech Lab  
  30  3:10  SCV  
  35  3:18  Medivac  
  37  3:23  SCV  
  37  3:25  SCV  
  39  3:29  Widow Mine x2  
  39  3:32  Supply Depot  
  43  3:38  SCV  
  44  3:43  SCV  
  45  3:48  Supply Depot  
  45  3:50  SCV  
  45  3:54  Starport Tech Lab  
  45  3:55  SCV  
  47  3:56  Marine x2  
  47  3:59  Supply Depot  
  47  4:01  Siege Tank  
  47  4:02  SCV  
  53  4:09  SCV  
  54  4:14  SCV  
  54  4:16  Barracks  
  55  4:18  Marine x2  
  55  4:19  Barracks  
  55  4:21  SCV  
  58  4:26  SCV  
  59  4:33  Siege Tank  
  59  4:38  Marine, SCV  
  63  4:39  Marine  
  63  4:43  SCV  
  66  4:49  Refinery  
  66  4:50  Refinery, SCV, Supply Depot, Engineering Bay  
  63  4:55  SCV  
  64  5:00  Marine x2  
  64  5:01  Supply Depot  
  64  5:02  SCV  
  64  5:04  Starport Reactor  
  67  5:12  Factory Tech Lab  
  67  5:14  Stimpack, Combat Shield, Marauder x2  
  67  5:16  SCV  
  72  5:21  Marine x2  
  72  5:23  SCV  
  72  5:24  Supply Depot  
  75  5:28  SCV  
  75  5:35  Siege Tank, SCV  
  80  5:36  Marauder x2  
  80  5:40  Supply Depot  
  80  5:41  Marine x2  
  86  5:49  Barracks  
  86  5:50  Barracks  
  86  5:52  Terran Infantry Weapons Level 1  
  86  6:00  Marauder x2  
  86  6:03  Supply Depot  
  90  6:08  Medivac x2  
  94  6:13  Marine x2  
  96  6:21  Marauder x2  
  100  6:25  Supply Depot  
  100  6:29  Siege Tank  
  96  6:40  Marine x2  
  96  6:46  Marine  
  97  6:47  Marine x3  
  97  6:50  Medivac x2  
  97  6:52  Supply Depot  
  104  6:58  Marine  
  104  6:59  Marine  
  106  7:05  Marauder x2  
  110  7:11  Marine x2  
  110  7:13  SCV  
  112  7:16  Marine  
  112  7:17  Marine  
  112  7:20  SCV  
  111  7:26  Marauder  
  111  7:27  Marauder  
  111  7:29  Marine x2  
  108  7:34  Marine  
  108  7:35  Marine  
  101  7:47  Marine x3  
  101  7:48  Marauder  
  97  7:52  Medivac x2, Marine  
  90  8:06  Marauder  
  90  8:09  Marauder  
  90  8:14  Marine  
  90  8:17  Marine x3  
  88  8:27  Medivac x2, Marauder  
  88  8:31  Marauder  
  88  8:32  Marine, Terran Infantry Armor Level 1  
  97  8:34  Marine  
  97  8:35  Marine  
  97  8:39  Marine  
  89  8:49  Marauder  
  89  8:52  Marauder  
  84  8:55  Marine  
  84  8:56  Concussive Shells  
  84  8:57  Medivac, Marine  
  87  9:09  Marine  
  84  9:10  Marine, Marauder  
  84  9:13  Marauder  
  83  9:19  Marine x2  
  83  9:23  SCV x2  
  85  9:27  Marine x2  
  89  9:31  Marauder  
  89  9:35  Marauder  
  89  9:37  Marine  
  92  9:39  Widow Mine  
  92  9:41  Command Center  
  92  9:43  Armory  
  94  9:50  Marine  
  90  9:53  Marauder  
  90  9:56  Marauder  
  87  10:05  Marine  
  87  10:06  Marine x2  
  90  10:07  Marine, SCV x2  
  95  10:14  Marauder  
  95  10:17  Marine  
  96  10:23  Marine x2  
  96  10:27  Marine  
  99  10:29  Widow Mine  
  99  10:31  Drilling Claws  
  99  10:32  Terran Infantry Weapons Level 2  
  99  10:33  Medivac x2  
  105  10:35  Marauder  
  105  10:39  Marine  
  105  10:40  Marauder  
  105  10:41  SCV x2  
  109  10:53  SCV  
  112  10:57  Marauder  
  112  10:58  Orbital Command  
  112  11:02  Marine x2, Marauder  
  112  11:03  SCV  
  116  11:05  Widow Mine, SCV  
  116  11:06  Medivac  
  116  11:09  Marine  
  122  11:12  Marine  
  122  11:15  SCV  
  122  11:17  SCV  
  127  11:18  Marauder  
  127  11:20  Marine  
  127  11:22  Medivac  
  130  11:26  SCV  
  130  11:27  SCV  
  130  11:29  SCV  
  130  11:30  Marauder, Marine  
  136  11:35  Widow Mine  
  136  11:36  Medivac  
  136  11:39  Marauder  
  135  11:49  SCV  
  135  11:50  SCV x2  
  135  11:51  Marauder  
  134  12:01  Marauder, SCV  
  124  12:11  Liberator x2  
  124  12:13  Marauder  
  117  12:22  Marauder  
  117  12:25  SCV  
  117  12:26  Ghost Academy, SCV x2  
  128  12:31  Barracks Reactor  
  128  12:34  Marauder  
  128  12:37  Barracks x2  
  128  12:38  SCV x3  
  128  12:39  Barracks Reactor  
  128  12:43  Marauder  
  128  12:44  Marauder  
  135  12:47  Widow Mine x2  
  135  12:50  Refinery  
  139  12:51  Refinery  
  139  12:52  SCV  
  140  13:04  Marine  
  141  13:10  Supply Depot x2  
  141  13:12  Marine x3, Supply Depot  
  143  13:13  Marauder  
  143  13:17  Terran Infantry Weapons Level 3  
  146  13:23  Marauder  
  146  13:26  Marine  
  149  13:31  Medivac x2, Marine x2  
  149  13:32  SCV  
  149  13:33  Marine  
  157  13:34  Marauder  
  158  13:44  Marauder  
  158  13:46  Marine x2  
  158  13:47  Widow Mine x2  
  154  13:49  Liberator  
  154  13:56  SCV x3  
  159  14:09  Command Center  
  166  14:27  Unknown  
  152  14:31  Marine  
  152  14:32  Unknown  
  152  14:36  Widow Mine x2  
  135  14:42  Medivac  
  135  14:43  Unknown  
  135  14:44  Marine x2  
  134  14:47  SCV x2  
  134  14:48  SCV  
  134  14:49  Medivac  
  133  14:56  Unknown  
  120  15:00  Unknown  
  120  15:01  Marauder  
  120  15:03  Marine  
  120  15:05  Marine  
  121  15:10  Widow Mine  
  121  15:11  Widow Mine  
  121  15:12  Marauder, Unknown  
  120  15:17  Marine x2  
  117  15:21  Marine  
  117  15:22  Planetary Fortress, Marauder  
  117  15:23  Marine  
  117  15:24  Unknown  
  117  15:25  Marauder  
  123  15:33  Marauder  
  123  15:35  Missile Turret, Marine x2  
  126  15:39  Marine  
Show
View Real Time Build Order
Export as new Build Order

PtitDrogo Protoss 

Build Orders: 1 Gate Expand, Zealot Archon 

Get SALT Encoding   

  12  0:00  Probe  
  13  0:12  Probe  
  14  0:18  Pylon  
  14  0:24  Probe  
  15  0:33  Probe  
  15  0:36  Gateway  
  15  0:42  Probe  
  16  0:47  Assimilator  
  17  0:52  Probe  
  18  1:04  Probe  
  19  1:16  Probe  
  20  1:23  Nexus  
  20  1:31  Cybernetics Core  
  20  1:35  Probe  
  20  1:39  Assimilator  
  21  1:47  Probe  
  21  1:50  Pylon  
  22  1:58  Stalker  
  22  1:59  Probe  
  23  2:10  Warp Gate  
  23  2:11  Probe  
  26  2:22  Robotics Facility  
  26  2:23  Probe  
  27  2:31  Probe, Stalker  
  27  2:32  Probe  
  31  2:39  Probe  
  31  2:40  Probe  
  33  2:49  Probe  
  33  2:50  Probe  
  35  3:01  Probe  
  35  3:02  Probe, Sentry  
  35  3:04  Observer, Gateway  
  39  3:09  Gateway  
  40  3:13  Probe  
  40  3:15  Probe  
  40  3:19  Pylon  
  42  3:24  Observer  
  42  3:25  Probe  
  43  3:27  Probe  
  43  3:32  Assimilator  
  45  3:34  Assimilator  
  45  3:35  Probe  
  45  3:39  Probe  
  45  3:40  Pylon  
  47  3:43  Probe  
  48  3:49  Observer  
  48  3:51  Probe x2  
  51  4:03  Probe x2, Nexus  
  51  4:09  Pylon  
  53  4:16  Probe x2  
  55  4:26  Twilight Council  
  55  4:27  Forge  
  55  4:28  Probe x2  
  57  4:32  Protoss Ground Weapons Level 1  
  57  4:35  Stalker x2  
  61  4:40  Probe x2  
  61  4:43  Stalker  
  61  4:51  Charge  
  61  4:52  Probe x2  
  63  5:02  Stalker  
  63  5:04  Probe  
  66  5:11  Probe  
  66  5:14  Templar Archives  
  67  5:16  Probe  
  67  5:20  Probe  
  69  5:23  Probe  
  69  5:26  Warp Prism  
  73  5:28  Probe  
  73  5:33  Probe  
  74  5:42  Gateway  
  73  5:43  Gateway  
  73  5:45  Gateway  
  73  5:48  Gateway  
  73  5:50  High Templar x2  
  73  5:53  Gateway  
  73  5:55  Archon  
  77  6:03  Pylon  
  77  6:06  High Templar  
  77  6:07  Probe  
  80  6:15  Probe  
  80  6:16  Immortal  
  80  6:17  Pylon  
  85  6:19  Protoss Ground Armor Level 1  
  85  6:21  Pylon  
  85  6:23  High Templar  
  85  6:24  Stalker  
  89  6:33  Blink  
  87  6:43  High Templar  
  87  6:45  Zealot x2  
  87  6:46  Zealot x2  
  97  6:49  Probe x3  
  97  6:51  Pylon  
  100  6:56  Immortal  
  100  6:58  Archon  
  100  7:01  Probe  
  105  7:04  Pylon  
  105  7:06  Pylon, Shield Battery  
  105  7:07  High Templar  
  105  7:08  Zealot  
  105  7:18  Zealot x6  
  105  7:22  Archon  
  106  7:32  Zealot  
  106  7:34  Probe  
  85  7:40  Zealot x5  
  85  7:41  Zealot x2  
  73  7:56  Stalker  
  62  8:01  Observer  
  62  8:04  Observer, Pylon, Zealot x4, Stalker  
  56  8:19  Probe  
  55  8:27  High Templar  
  55  8:28  High Templar x2  
  55  8:29  Zealot x2  
  55  8:30  Zealot  
  55  8:31  High Templar  
  55  8:32  Archon  
  69  8:34  Archon  
  69  8:44  Zealot  
  63  8:50  Zealot  
  63  8:55  Zealot x2  
  61  8:56  Protoss Ground Weapons Level 2  
  61  9:02  Zealot x3  
  64  9:04  Zealot x2  
  64  9:05  Immortal  
  64  9:08  Observer  
  66  9:11  Stalker  
  66  9:12  Probe x3  
  69  9:19  Stalker x2  
  69  9:24  Zealot x4  
  79  9:34  Probe  
  80  9:40  Stalker x2  
  84  9:48  Zealot, Stalker  
  84  9:52  Zealot x2  
  92  9:54  Zealot  
  88  10:00  Zealot  
  88  10:04  Probe  
  88  10:05  Probe x2  
  89  10:13  Zealot  
  89  10:14  Zealot x3  
  95  10:26  Stalker x2  
  99  10:29  High Templar x2  
  99  10:35  Archon  
  103  10:37  Zealot x3  
  107  10:44  Probe x2  
  109  10:52  Psionic Storm  
  109  10:56  Pylon  
  109  10:58  Warp Prism  
  109  11:06  Pylon  
  109  11:14  Probe x2  
  109  11:15  Sentry  
  109  11:16  High Templar  
  109  11:18  High Templar  
  117  11:21  Photon Cannon  
  117  11:22  Shield Battery  
  115  11:37  Zealot x3, Stalker x2  
  123  11:41  Zealot  
  117  11:54  Zealot x2  
  117  12:00  Protoss Ground Armor Level 2  
  101  12:05  Zealot x6  
  85  12:17  Stalker x2  
  85  12:21  Probe  
  85  12:22  Probe x2  
  88  12:28  High Templar x2  
  92  12:30  High Templar  
  92  12:33  Assimilator  
  92  12:34  Probe  
  92  12:35  Archon  
  92  12:36  Assimilator  
  95  12:37  Zealot x3  
  101  13:03  High Templar x2  
  101  13:12  Sentry  
  107  13:13  Zealot  
  107  13:15  Nexus  
  107  13:18  Pylon  
  109  13:22  Zealot x4, Photon Cannon  
  108  13:33  Probe  
  108  13:34  Observer  
  97  13:35  Stalker x2  
  97  13:36  Observer, Stalker x2  
  100  13:48  Probe  
  101  13:51  Stalker x3  
  103  14:05  Zealot x2  
  103  14:06  Zealot  
  109  14:10  High Templar x2  
  109  14:13  Archon  
  111  14:26  Stalker x4  
  111  14:29  Zealot x2  
  114  14:44  High Templar x2  
  114  14:45  Probe  
  117  14:46  Pylon  
  92  15:06  Archon  
  84  15:07  Zealot x6  
  84  15:11  Archon  
  80  15:16  Observer  
  80  15:20  Zealot, High Templar  
  70  15:23  Photon Cannon  
  70  15:28  Zealot, High Templar x5  
  80  15:32  Archon x2  
  77  15:43  Photon Cannon  
  77  15:44  Archon  
  77  15:47  Stalker  
  77  15:49  Zealot  
  75  15:53  Zealot  
Tags
 
Add a new tag
Caveats
  • Supply blocks, unpowered buildings, or Contaminate may cause inaccurate times.
  • Supply counts are checked every 10 seconds.